 Dungeon Sprint DCSS version 0.29.1-1-gd02db6906a (webtiles) character file.

Game seed: 16782646089375464037

3 Ashen the Trooper (level 1, -4/39 HPs)
             Began as an Ogre Berserker on Oct 15, 2022.
             Was a Believer of Trog.
             Slain by a human (7 damage)
             ... in the Dungeon (Sprint III: "The Ten Rune Challenge").
             The game lasted 00:00:23 (82 turns).

Ashen the Trooper (Ogre Berserker)                    Turns: 82, Time: 00:00:24

Health: -4/39      AC:  3    Str: 20    XL:     1   Next: 50%
Magic:  1/1        EV: 10    Int:  8    God:    Trog [**....]
Gold:   0          SH:  0    Dex:  8    Spells: 0/0 levels left

rFire   . . .      SeeInvis .   a - +0 mace
rCold   . . .      Faith    .   (no shield)
rNeg    . . .      Spirit   .   b - +0 animal skin
rPois   .          Reflect  .   (helmet restricted)
rElec   .          Harm     .   (no cloak)
rCorr   .          Rampage  .   (gloves unavailable)
Will    .....      NoTele   +   (boots unavailable)
Stlth   ..........              (no amulet)
HPRegen 0.13/turn               (no ring)
MPRegen 0.07/turn               (no ring)

@: berserking, lethally poisoned (-4 -> -10), very quick
A: large, unfitting armour, tough skin 1
a: Renounce Religion, Berserk, Trog's Hand


You were in the Dungeon.
You worshipped Trog.
Trog was pleased with you.
You visited 1 branch

Inventory:

Hand Weapons
 a - a +0 mace (weapon)
Armour
 b - a +0 animal skin (worn)
Scrolls
 h - a scroll of blinking
 j - a scroll of enchant armour {unknown}
Potions
 c - a potion of curing
 d - a potion of heal wounds
 e - a potion of haste
 f - 2 potions of magic
 g - a potion of berserk rage
 i - 2 potions of mutation {unknown}


   Skills:
 + Level 4.6 Fighting
 + Level 3.1 Maces & Flails
 + Level 3.1 Dodging


You couldn't memorise any spells.
You didn't know any spells.
Your spell library was empty.

Dungeon Overview and Level Annotations

Branches:
Dungeon (1/1)

Altars:


Innate Abilities, Weirdness & Mutations

You are too large for most types of armour.
You have tough skin. (AC +1)


Message History

The rat misses you.
You completely miss the rat. The rat barely misses you.
You hit the rat.
You kill the rat!
Trog accepts your kill.
No target in view!
You see here a rat corpse.
A human comes into view.
A scorpion comes into view.
The human closely misses you.
You closely miss the scorpion. The scorpion stings you!
The human barely misses you.
A red film seems to cover your vision as you go berserk!
You feel yourself moving faster!
You feel mighty! The scorpion stings you. The human closely misses you.
You closely miss the scorpion. The scorpion barely misses you.
The human hits you. The scorpion stings you.
You barely miss the scorpion. The human hits you. The scorpion stings you.
You are poisoned.
The scorpion poisons you!
You sock the scorpion!
The scorpion is heavily wounded.
You feel very sick.
The scorpion stings you but does no damage.
The human closely misses you.
You hit the scorpion but do no damage.
The scorpion is heavily wounded.
* * * LOW HITPOINT WARNING * * *
You feel sick. The scorpion barely misses you.
You barely miss the scorpion.
The scorpion is heavily wounded.
* * * LOW HITPOINT WARNING * * *
You feel sick. The human closely misses you. The scorpion stings you.
* * * LOW HITPOINT WARNING * * *
Unknown command.
You closely miss the scorpion.
The scorpion is heavily wounded.
* * * LOW HITPOINT WARNING * * *
You feel sick. The human hits you!
You die...

▓<..#...####
▓...#......## .#
▓..##.......# .#
▓##.##.##...# ..#
##.##.###..# ..#
▓#.####.##..# ...+
▓.###..##.†## #...#
▓#.....##..###p...#
###..##...##@....#
##†.##....#..s...#
#..###..##.#.....#
#..# #.. ####....#
▓▓▓▓ ▓▓▓ ▓▓▓▓▓


You could see a human and a scorpion.

Vanquished Creatures
  An endoplasm (D)
  3 rats (D)
4 creatures vanquished.

Notes
Turn   | Place    | Note
-------+----------+-------------------------------------------
     0 | D        | Ashen the Ogre Berserker began the quest for the Orb.
     0 | D        | Reached XP level 1. HP: 24/24 MP: 1/1
    55 | D        | Reached ** piety under Trog
    73 | D        | Noticed a scorpion
    82 | D        | Slain by a human

Illustrated notes

Levels and vault maps discovered:
D:        dungeon_sprint_mu [sprint_mu_entry_cave, sprint_mu_temple_rooms,
          sprint_mu_d1_spiders, sprint_mu_d2_genie, sprint_mu_d3_branching,
          sprint_mu_orc_legion, sprint_mu_elf_gauntlet, sprint_mu_hive_nellie,
          sprint_mu_lair_fedhas, sprint_mu_vaults_butterflies,
          sprint_mu_slime_circle, sprint_mu_shoals_archi,
          sprint_mu_snake_twists, sprint_mu_blade_basic,
          sprint_mu_crypt_fortress, sprint_mu_tomb_spiral,
          sprint_mu_vestibule_basic, sprint_mu_gehenna_hellfire,
          sprint_mu_dis_giant, sprint_mu_tartarus_statrot,
          sprint_mu_cocytus_islands, sprint_mu_zot1]

Skill      XL: |  1 |
---------------+----+-----
Maces & Flails | 3 |  3.1
Dodging        | 3 |  3.1
Fighting       | |  4.6

Action                   || total
-------------------------++-------
Melee: Mace              ||    12
Invok: Berserk           ||     1
Armor: Animal skin       ||     1
Dodge: Dodged            ||    10
